 Dungeon Crawl Stone Soup version 0.24.0-123-gd5b16e6ec5 (webtiles) character file.

Game seed: 11015280642427968567, levelgen mode: deterministic

259 Kobolds4U the Covert (level 5, -3/28 HPs)
             Began as a Deep Elf Conjurer on Dec 21, 2019.
             Killed by divine providence
             ... invoked by an orc priest
              (16 damage)
             ... on level 3 of the Dungeon.
             The game lasted 00:07:13 (2866 turns).

Kobolds4U the Covert (Deep Elf Conjurer)            Turns: 2866, Time: 00:07:14

Health: -3/28      AC:  3    Str:  6    XL:     5   Next: 94%
Magic:  1/11       EV: 13    Int: 20    God:
Gold:   132        SH:  0    Dex: 15    Spells: 4/10 levels left

rFire    . . .     SeeInvis .   g - +0 dagger
rCold    . . .     Gourm    .   (no shield)
rNeg     . . .     Faith    .   a - +0 robe
rPois    .         Spirit   .   (no helmet)
rElec    .         Reflect  .   e - +0 cloak
rCorr    .         Harm     .   (no gloves)
MR       .....                  (no boots)
Stlth    ++++......             (no amulet)
HPRegen  0.09/turn              (no ring)
MPRegen  0.12/turn              (no ring)

@: very slightly contaminated
A: no striking features
a: no special abilities


You were on level 3 of the Dungeon.
You were hungry.

You visited 1 branch of the dungeon, and saw 3 of its levels.

You collected 132 gold pieces.

Inventory:

Hand Weapons
 g - a +0 dagger (weapon)
Armour
 a - a +0 robe (worn)
 e - a +0 cloak (worn)
Scrolls
 d - a scroll of fear {unknown}
 h - 2 scrolls of teleportation {unknown}
 j - 3 scrolls of identify {unknown}
 l - 3 scrolls of noise {unknown}
 n - a scroll of remove curse {unknown}
 o - a scroll of enchant weapon {unknown}
Potions
 b - 2 potions of heal wounds {unknown}
 f - a potion of mutation {unknown}
 i - a potion of flight {unknown}
 k - a potion of might {unknown}
 m - 2 potions of degeneration {unknown}
 p - a potion of haste {unknown}
 q - a potion of curing {unknown}
 s - a potion of lignification {unknown}
Comestibles
 c - 5 rations
 r - 2 chunks of flesh


   Skills:
 - Level 2.4 Dodging
 + Level 8.2 Stealth
 - Level 3.0 Spellcasting
 - Level 4.3 Conjurations


You had 4 spell levels left.
You knew the following spells:

 Your Spells              Type           Power        Failure   Level  Hunger
a - Magic Dart            Conj           ###.         2%          1    None
b - Searing Ray           Conj           ###...       3%          2    ##.....
c - Dazzling Spray        Conj/Hex       ##....       17%         3    ###....

Your spell library contained the following spells:

 Spells                   Type           Power        Failure   Level  Hunger
 Iskenderun's Mystic Bla  Conj           ###.....     24%         4    ####...
 Force Lance              Conj/Tloc      ##......     50%         4    ####...
 Fulminant Prism          Conj/Hex       ##........   50%         4    ####...


Dungeon Overview and Level Annotations

Branches:
Dungeon (3/15)

Altars:
Ashenzari


Message History

Aim: an orc priest, wielding a +0 whip (almost dead)
You miscast Dazzling Spray.
You are very lightly contaminated with residual magic.
Wisps of smoke drift from your hands.
You hit the orc priest.
The orc priest is almost dead.
Casting: Dazzling Spray (safe; 17% risk of failure)
Confirm with . or Enter, or press ? or * to list all spells.
You don't have enough magic to cast that spell.
Casting: Dazzling Spray (safe; 17% risk of failure)
Confirm with . or Enter, or press ? or * to list all spells.
Aiming: Magic Dart (safe; 2% risk of failure)
Press: ? - help, Shift-Dir - straight line, f/p - orc priest
Aim: an orc priest, wielding a +0 whip (almost dead)
The magic dart hits the orc.
The orc is lightly wounded.
The orc priest mumbles some strange prayers to Beogh against you.
Beogh smites you!
Ouch! That really hurt!
You die...

#..# ## #..#.# .r. #
#..#.# .... # ..
#.#..#.# .... ##
....#.#..#.#..... #.
....#'#.o#.#..... #.
......oo...?.### +.
...............## .##.
.##....@†....#... ....
#............# ###.
#..........+## #.
#...%......# #.
#..........# #.
#..........+## ### #.
#.....?......####.###.
###########...........
............+....


You could see an orc priest and 2 orcs.

Vanquished Creatures
  3 orc priests (D:2)
  An orc wizard (D:2)
  Terence (D:2)
  3 gnolls (D:2)
  2 adders (D:3)
  3 worms
  A dart slug (D:1)
  2 leopard geckos
  3 orcs (D:2)
  5 bats
  A giant cockroach (D:3)
  3 goblins
  14 hobgoblins
  2 jackals (D:2)
  9 kobolds
  A quokka (D:2)
  2 ball pythons (D:2)
  A frilled lizard (D:3)
  4 rats
61 creatures vanquished.

Notes
Turn   | Place    | Note
-------+----------+-------------------------------------------
     0 | D:1      | Kobolds4U the Deep Elf Conjurer began the quest for the
                  | Orb.
     0 | D:1      | Reached XP level 1. HP: 10/10 MP: 6/6
    71 | D:1      | Reached skill level 3 in Stealth
   151 | D:1      | Reached XP level 2. HP: 14/15 MP: 1/8
   458 | D:1      | Reached skill level 4 in Stealth
   918 | D:2      | Reached XP level 3. HP: 19/19 MP: 5/9
   922 | D:2      | Learned a level 2 spell: Searing Ray
   926 | D:2      | Learned a level 3 spell: Dazzling Spray
  1109 | D:2      | Reached skill level 5 in Stealth
  1111 | D:2      | Reached skill level 6 in Stealth
  1111 | D:2      | Reached XP level 4. HP: 13/24 MP: 1/10
  1141 | D:2      | Found a shattered altar of Ashenzari.
  1469 | D:2      | Reached XP level 5. HP: 27/28 MP: 0/11
  1583 | D:2      | Reached skill level 7 in Stealth
  1684 | D:2      | Noticed Terence
  1687 | D:2      | Killed Terence
  2262 | D:2      | Reached skill level 8 in Stealth
  2428 | D:3      | HP: 1/28 [worm (10)]
  2866 | D:3      | Killed from afar by an orc priest

Levels and vault maps discovered:
D:1:      dpeg_arrival_pits, layout_basic, minmay_misc_feat_tiny
D:2:      cheibrodos_pilgrimage, layout_loops_corners, evilmike_ruin_ashenzari,
          uniq_terence
D:3:      layout_basic, gammafunk_ghost_necromancy, gup_sewer_entry_bowl

Skill      XL: |  1  2  3  4  5 |
---------------+----------------+-----
Stealth        | 3 4 6 8 |  8.2
Dodging        | |  2.4
Spellcasting   | |  3.0
Conjurations   | |  4.3

Action                   |  1- 3 |  4- 6 || total
-------------------------+-------+-------++-------
Melee: Unarmed           |     1 |       ||     1
       Dagger            |     4 |    19 ||    23
 Cast: Magic Dart        |    59 |    47 ||   106
       Searing Ray       |     1 |     6 ||     7
       Dazzling Spray    |       |     6 ||     6
 Stab: Sleeping          |     1 |     6 ||     7
  Eat: Chunk             |       |     6 ||     6
Armor: Robe              |       |     3 ||     3
Dodge: Dodged            |    11 |    12 ||    23
